 Dungeon Crawl Stone Soup version 0.30.0-11-gf55b779eaf (webtiles) character file.

Game seed: 11968643472746211318

96 GigaChad the Covered (level 4, -1/40 HPs)
             Began as an Armataur Fighter on May 17, 2023.
             Killed from afar by Ijyb (10 damage)
             ... with a puff of flame
             ... on level 3 of the Dungeon.
             The game lasted 00:01:57 (1934 turns).

GigaChad the Covered (Armataur Fighter)             Turns: 1934, Time: 00:01:58

Health: -1/40      AC:  9    Str: 23    XL:     4   Next: 41%
Magic:  4/4        EV:  4    Int:  8    God:
Gold:   118        SH:  4    Dex: 10    Spells: 3/3 levels left

rFire   . . .        a - +0 war axe
rCold   . . .        c - +0 buckler
rNeg    . . .        i - +0 plate armour
rPois   .            (no helmet)
rElec   .            (no cloak)
rCorr   .            (no gloves)
SInv    .            (no barding)
Will    .....        (no amulet) Stlth
                     (no ring)
HPRegen 0.26/turn    (no ring)
MPRegen 0.09/turn

%: roll
@: no status effects
A: large, rugged brown scales 3, deformed body, armoured tail, roll, long
tongue, awkward tongue
a: no special abilities


You were on level 3 of the Dungeon.
You visited 1 branch of the dungeon, and saw 3 of its levels.

You collected 118 gold pieces.

Inventory:

Hand Weapons
 a - a +0 war axe (weapon)
Armour
 b - a +0 scale mail
 c - a +0 buckler (worn)
 i - a +0 plate armour (worn)
Jewellery
 f - a ring of fire
 h - a ring of willpower
 j - an amulet of magic regeneration
 p - a ring of willpower
Scrolls
 e - 4 scrolls of identify {unknown}
 k - a scroll of immolation {unknown}
 l - a scroll of torment {unknown}
 o - a scroll of teleportation {unknown}
Potions
 d - a potion of might
 g - 2 potions of haste {unknown}
 m - a potion of magic {unknown}
 n - 3 potions of curing {unknown}
 q - a potion of mutation {unknown}
 r - a potion of degeneration {unknown}


   Skills:
 * Level 3.1 Fighting
 * Level 2.8 Axes
 * Level 4.3 Armour
 * Level 3.8 Shields


You had 3 spell levels left.
You didn't know any spells.
Your spell library was empty.

Dungeon Overview and Level Annotations

Branches:
Dungeon (3/15)

Altars:

Shops:
D:2 *

Annotations:
D:3 Ijyb


Innate Abilities, Weirdness & Mutations

You are completely covered in rugged brown scales. (AC +3, +7% HP)
Armour fits poorly on your strangely shaped body.
You have a long armoured tail.
You roll when moving toward enemies. (Rampage)
Your long tongue fully drains potion bottles. (2x potion effects)
Your tongue gives you trouble enunciating. (1.5x scroll delay)


Message History

You hit Ijyb.
Ijyb is moderately wounded.
Ijyb hits you with a +4 club.
You hit Ijyb.
Your tail-slap misses Ijyb.
Ijyb is moderately wounded.
Ijyb hits you with a +4 club.
Ijyb zaps a wand.
The puff of flame hits you.
You closely miss Ijyb.
Ijyb is moderately wounded.
Ijyb hits you with a +4 club!
You are too injured to fight recklessly!
You are too injured to fight recklessly!
You are too injured to fight recklessly!
You are too injured to fight recklessly!
You are too injured to fight recklessly!
You are too injured to fight recklessly!
You are too injured to fight recklessly!
You are too injured to fight recklessly!
You are too injured to fight recklessly!
You are too injured to fight recklessly!
You are too injured to fight recklessly!
You are too injured to fight recklessly!
You are too injured to fight recklessly!
Ijyb hits you but does no damage.
You miss Ijyb.
Ijyb is moderately wounded.
Ijyb zaps a wand.
The puff of flame hits you.
Ijyb screams, "It's all mine!"
Ijyb zaps a wand.
The puff of flame hits you.
* * * LOW HITPOINT WARNING * * *
You hit Ijyb but do no damage. You tail-slap Ijyb.
Ijyb is heavily wounded.
Ijyb hits you but does no damage.
You closely miss Ijyb.
Your tail-slap misses Ijyb.
Ijyb is heavily wounded.
Ijyb zaps a wand.
The puff of flame hits you.
* * * LOW HITPOINT WARNING * * *
You barely miss Ijyb.
Your tail-slap misses Ijyb.
Ijyb is heavily wounded.
Ijyb zaps a wand.
The puff of flame hits you!
You die...

...##
##...##...###.#
#'## ##'##..⌠..'..#
...##
##...##...###.#
....##
##.....##.####.#
.....#
++#.......''#....#
....##
##.##.....##.##..##
...##
##...##...##...##.#
#'##
#.....##'##..⌠..'.#
...##
#.@g##...##...####
....##
##.##.....##.##
.....#
#'#.......#'#
....##
##.##.....##.#
...##
##...##...#####
#†## #..⌠..##'##
†.# ##...##..######
### ##.##..........
#'#..#########


You could see Ijyb.

Vanquished Creatures
  3 adders
  A worm (D:2)
  A dart slug (D:1)
  4 orcs (D:3)
  5 ball pythons
  5 bats
  2 endoplasms
  6 giant cockroaches
  3 goblins
  2 hobgoblins (D:1)
  11 jackals
  2 frilled lizards (D:1)
  4 kobolds
  5 rats
54 creatures vanquished.

Notes
Turn   | Place    | Note
-------+----------+-------------------------------------------
     0 | D:1      | GigaChad the Armataur Fighter began the quest for the Orb.
     0 | D:1      | Reached XP level 1. HP: 19/19 MP: 1/1
   173 | D:1      | Reached XP level 2. HP: 26/26 MP: 2/2
   251 | D:1      | Reached skill level 4 in Armour
   557 | D:2      | Reached XP level 3. HP: 25/33 MP: 3/3
   631 | D:2      | Found a faded altar of an unknown god.
   852 | D:2      | Found Fenilewu's General Store.
  1167 | D:3      | Reached XP level 4. HP: 40/40 MP: 4/4
  1921 | D:3      | Noticed Ijyb
  1934 | D:3      | Killed from afar by Ijyb

Illustrated notes

Levels and vault maps discovered:
D:1:      dpeg_arrival_chambers_temple_mockup, layout_basic, st_stairs_12
D:2:      layout_rooms, hellmonk_ecumenical_altar_inner_sanctum, serial_forest,
          infiniplex_forest_corner_1, infiniplex_forest_clump_long,
          infiniplex_forest_straight_1, infiniplex_forest_end_1,
          infiniplex_forest_lined_2, infiniplex_forest_clump_tiny, serial_shops,
          nicolae_shop_window_shopping
D:3:      layout_loops_corners, nicolae_hexahallways, kennysheep_boxes,
          uniq_ijyb

Skill      XL: |  1  2 |
---------------+-------+-----
Armour         | 4 |  4.3
Fighting       | 3 |  3.1
Axes           | 2 |  2.8
Shields        | |  3.8

Action                     |  1- 3 |  4- 6 || total
---------------------------+-------+-------++-------
  Melee: War axe           |    86 |    49 ||   135
         Tailslap          |    14 |     6 ||    20
 Armour: Scale mail        |    30 |       ||    30
         Plate armour      |    29 |    31 ||    60
  Dodge: Dodged            |    38 |     9 ||    47
  Block: Buckler           |    19 |     6 ||    25
